 Dungeon Crawl Stone Soup version 0.30.1-3-gfc49f6343a (webtiles) character file.

Game seed: 16280146083942604774

78 spardeous the Digger (level 3, -3/26 HPs)
             Began as a Demigod Earth Elementalist on July 21, 2023.
             Killed from afar by Ijyb (7 damage)
             ... with a puff of flame
             ... on level 3 of the Dungeon.
             The game lasted 00:02:15 (2308 turns).

spardeous the Digger (Demigod Earth Elementalist)   Turns: 2308, Time: 00:02:16

Health: -3/26      AC:  2    Str:  9    XL:     3   Next: 94%
Magic:  7/8        EV: 12    Int: 27    God:
Gold:   31         SH:  0    Dex: 14    Spells: 4/5 levels left

rFire   . . .        l - +1 sling (freeze)
rCold   . . .        (no shield)
rNeg    + . .        a - +0 robe
rPois   .            (no helmet)
rElec   .            (no cloak)
rCorr   .            (no gloves)
SInv    .            (no boots)
Will    .....        (no amulet)
Stlth   ++           c - ring of positive energy
HPRegen 0.24/turn    d - +6 ring of intelligence
MPRegen 0.11/turn

%: no passive effects
@: lethally poisoned (-3 -> -6)
A: high MP 1, forlorn, divine attributes
a: no special abilities


You were on level 3 of the Dungeon.
You visited 1 branch of the dungeon, and saw 3 of its levels.

You collected 31 gold pieces.

Inventory:

Hand Weapons
 l - a +1 sling of freezing (weapon)
Armour
 a - a +0 robe (worn)
Jewellery
 c - a ring of positive energy (left hand)
 d - a +6 ring of intelligence (right hand)
 e - an amulet of regeneration
Scrolls
 g - 2 scrolls of identify
 i - 2 scrolls of teleportation
Potions
 b - a potion of magic
 f - 2 potions of curing {unknown}
 h - a potion of heal wounds {unknown}
 j - a potion of might {unknown}
 k - 2 potions of haste {unknown}


   Skills:
 - Level 1.7 Dodging
 - Level 1.7 Stealth
 - Level 1.7 Spellcasting
 - Level 0.8 Transmutations
 + Level 4.6 Earth Magic


You had 4 spell levels left.
You knew the following spells:

 Your Spells              Type           Power      Damage    Failure   Level
a - Sandblast             Erth           54%        2d13      1%          1

Your spell library contained the following spells:

 Spells                   Type           Power      Damage    Failure   Level
 Passwall                 Tmut/Erth      14%        N/A       4%          2
 Stone Arrow              Conj/Erth      28%        3d8       12%         3
 Petrify                  Tmut/Erth      17%        N/A       32%         4


Dungeon Overview and Level Annotations

Branches:
Dungeon (3/15)

Shops:
D:1 (   D:3 ?

Annotations:
D:3 Ijyb


Innate Abilities, Weirdness & Mutations

You have an increased reservoir of magic. (+10% MP)
You shall have no god before yourself.
Your divine heritage dramatically boosts your attributes as you level up.


Message History

The puff of flame hits you!
Casting: Sandblast (safe; 1% risk of failure)
Confirm with . or Enter, or press ? or * to list all spells.
Aiming: Sandblast (safe; 1% risk of failure)
Press: ? - help, Shift-Dir - straight line, f/p - adder
Aim: an adder (lightly wounded, 72% to hit)
The blast of sand hits the adder!
The adder is almost dead.
The adder closely misses you.
Casting: Sandblast (safe; 1% risk of failure)
Confirm with . or Enter, or press ? or * to list all spells.
Aiming: Sandblast (safe; 1% risk of failure)
Press: ? - help, Shift-Dir - straight line, f/p - adder
Aim: an adder (almost dead, 72% to hit)
Okay, then.
The adder attacks as you move away! The adder closely misses you.
The adder attacks as you move away! The adder bites you. x2
Found 7 gold pieces.
Ijyb screams, "Level is mine!
All mine!"
An adder comes into view.
The adder bites you.
* * * LOW HITPOINT WARNING * * *
You are poisoned.
The adder poisons you!
Casting: Sandblast (safe; 1% risk of failure)
Confirm with . or Enter, or press ? or * to list all spells.
Aiming: Sandblast (safe; 1% risk of failure)
Press: ? - help, Shift-Dir - straight line, f/p - adder
Aim: an adder (almost dead, 72% to hit)
The blast of sand hits the adder!
You kill the adder!
The adder hisses angrily.
* * * LOW HITPOINT WARNING * * *
You feel sick.
As you read the scroll labelled WYTEIPA ULYNK, it crumbles to dust.
It is a scroll of identify.
i - 2 scrolls of teleportation
* * * LOW HITPOINT WARNING * * *
You feel sick.
Ijyb zaps a wand.
The puff of flame hits you!
You die...

#.# #..#..# #.#
#.###..#..# #.#
.......#..#
#.........#
.....###.## #.#
#g# #.#
..####.######.#
........g@$S...#
..#####.########
###


You could see Ijyb and an adder.

Vanquished Creatures
  2 adders (D:3)
  4 ball pythons
  5 endoplasms
  13 giant cockroaches
  3 goblins
  5 hobgoblins
  6 bats
  5 frilled lizards
  5 kobolds
  7 rats
55 creatures vanquished.

Notes
Turn   | Place    | Note
-------+----------+-------------------------------------------
     0 | D:1      | spardeous the Demigod Earth Elementalist began the quest
                  | for the Orb.
     0 | D:1      | Reached XP level 1. HP: 14/14 MP: 5/5
   102 | D:1      | Reached skill level 3 in Earth Magic
   256 | D:1      | Found Bahimeu's Weapon Shoppe.
   458 | D:1      | Reached XP level 2. HP: 20/20 MP: 4/7
  1317 | D:2      | Reached XP level 3. HP: 26/26 MP: 4/8
  1460 | D:2      | Reached skill level 4 in Earth Magic
  2231 | D:3      | Found Afradoi's Magic Scroll Shoppe.
  2295 | D:3      | Noticed Ijyb
  2308 | D:3      | Killed from afar by Ijyb

Illustrated notes

Levels and vault maps discovered:
D:1:      dpeg_arrival_pond, layout_basic, serial_shops,
          nicolae_shop_tiny_glass, minmay_pentomino_s2
D:2:      minmay_roachtagon, layout_loops_cross, serial_forest,
          infiniplex_forest_corner_1, infiniplex_forest_corner_2,
          infiniplex_forest_end_3, infiniplex_forest_lined_room_2,
          infiniplex_forest_clump_large, infiniplex_forest_clump_cross
D:3:      cheibrodos_fertilizer, layout_loops_ring, serial_shops,
          nicolae_shop_hallway_stairs, nicolae_concentric_dashed_squares_mild,
          grunt_ministairs_3, kennysheep_nub, uniq_ijyb

Skill      XL: |  1  2  3 |
---------------+----------+-----
Earth Magic    | 3 4 |  4.6
Dodging        | |  1.7
Stealth        | |  1.7
Spellcasting   | |  1.7
Transmutations | |  0.8

Action                     || total
---------------------------++-------
  Melee: Unarmed           ||     2
         Punch             ||     1
   Fire: Sling             ||    12
   Cast: Sandblast         ||    66
    Use: Scroll            ||     1
   Stab: Sleeping          ||     1
 Armour: Robe              ||     6
  Dodge: Dodged            ||    25
